[Event "4NCL 2021-22"]
[Site "England"]
[Date "2022.02.13"]
[Round "4.46"]
[White "Yao, Lan"]
[Black "Pollack, Oscar"]
[Result "1-0"]
[ECO "C17"]
[WhiteElo "2297"]
[BlackElo "2140"]
[Annotator "NA"]
[PlyCount "59"]
[EventDate "2021.11.27"]
[EventType "team-tourn"]
[EventCountry "ENG"]
[SourceTitle "playchess.com"]
[Source "ChessBase"]
[SourceQuality "1"]
[TimeControl "40/6000+30:3000+30"]

1. e4 e6 2. d4 d5 3. Nc3 Bb4 4. e5 c5 5. Bd2 Nh6 6. Nb5 Bxd2+ 7. Qxd2 O-O 8. f4 a6 9. Nd6 cxd4 10. Nf3 f6 11. Bd3 Nc6 12. O-O fxe5 13. fxe5 Nxe5 14. Nxe5 Rxf1+ 15. Rxf1 Qxd6 16. Qg5 Nf5 17. Qh5 Bd7 18. Bxf5 exf5 19. Qf7+ Kh8 20. Nxd7 Rd8 21. Rxf5 h6 22. Ne5 Qb4 23. h3 Qxb2 24. Ng6+ Kh7 25. Nf8+ Rxf8 26. Qxf8 Qxc2 27. Rf2 Qc1+ 28. Kh2 Qe3 29. Qf5+ Kg8 30. Rc2 1-0

[Event "4NCL 2021-22"]
[Site "England"]
[Date "2022.02.13"]
[Round "4.47"]
[White "Eden, Tomer"]
[Black "Royal, Shreyas"]
[Result "0-1"]
[ECO "C47"]
[WhiteElo "2135"]
[BlackElo "2272"]
[Annotator "ChessBase"]
[PlyCount "48"]
[EventDate "2021.11.27"]
[EventType "team-tourn"]
[EventCountry "ENG"]
[SourceTitle "playchess.com"]
[Source "ChessBase"]
[SourceQuality "1"]
[TimeControl "40/6000+30:3000+30"]

1. e4 e5 2. Nf3 Nc6 3. d4 exd4 4. Nxd4 Nf6 5. Nc3 Bb4 6. Nxc6 bxc6 7. Bd3 d5 8. exd5 cxd5 9. O-O O-O 10. Qf3 Bg4 11. Qg3 Qd7 12. h3 Bh5 13. Qh4 Be7 14. Bg5 Bg6 15. Bxg6 fxg6 16. Rad1 c6 17. Qa4 Qb7 18. Rd3 h6 19. Be3 Kh7 20. Bd4 Nd7 21. Re1 Nc5 22. Qa3 Ne6 23. Qb3 Qd7 24. Na4 Rab8 0-1

[Event "4NCL 2021-22"]
[Site "England"]
[Date "2022.02.13"]
[Round "4.48"]
[White "O'Donnell, Conor"]
[Black "Willmoth, Robert F"]
[Result "1-0"]
[ECO "B09"]
[WhiteElo "2281"]
[BlackElo "2121"]
[Annotator "ChessBase"]
[PlyCount "59"]
[EventDate "2021.11.27"]
[EventType "team-tourn"]
[EventCountry "ENG"]
[SourceTitle "playchess.com"]
[Source "ChessBase"]
[SourceQuality "1"]
[TimeControl "40/6000+30:3000+30"]

1. e4 d6 2. d4 Nf6 3. Nc3 g6 4. f4 Bg7 5. Nf3 c5 6. Bb5+ Bd7 7. e5 Ng4 8. Bxd7+ Qxd7 9. d5 dxe5 10. h3 e4 11. Nxe4 Nf6 12. Nxf6+ Bxf6 13. O-O O-O 14. Be3 Na6 15. Ne5 Qc7 16. Qf3 Nb4 17. Qe4 Qd6 18. Rad1 Bg7 19. Nc4 Qc7 20. c3 Na6 21. f5 Rad8 22. Bf4 Qd7 23. d6 Rfe8 24. fxg6 exd6 25. gxh7+ Kh8 26. Qd5 Re6 27. Nxd6 Rf8 28. Qh5 Rg6 29. Be5 Qe7 30. Nxf7+ 1-0

[Event "4NCL 2021-22"]
[Site "England"]
[Date "2022.02.13"]
[Round "4.53"]
[White "White, Nigel"]
[Black "Duncan, Chris R"]
[Result "1/2-1/2"]
[ECO "B76"]
[WhiteElo "1997"]
[BlackElo "2252"]
[Annotator "ChessBase"]
[PlyCount "76"]
[EventDate "2021.11.27"]
[EventType "team-tourn"]
[EventCountry "ENG"]
[SourceTitle "playchess.com"]
[Source "ChessBase"]
[SourceQuality "1"]
[TimeControl "40/6000+30:3000+30"]

1. e4 c5 2. Nf3 d6 3. d4 cxd4 4. Nxd4 Nf6 5. Nc3 g6 6. Be3 Bg7 7. f3 Nc6 8. Qd2 O-O 9. g4 Nxd4 10. Bxd4 Be6 11. Nd5 Bxd5 12. exd5 Qd7 13. O-O-O Qa4 14. Kb1 Rfc8 15. h4 Rc7 16. b3 Qa3 17. g5 Nh5 18. Bxg7 Kxg7 19. c4 a5 20. Qb2+ Qxb2+ 21. Kxb2 a4 22. Bd3 b6 23. Rhe1 Kf8 24. Rc1 Kg7 25. Re3 h6 26. Rce1 Nf4 27. Bf1 hxg5 28. hxg5 Kf8 29. Rd1 Rca7 30. b4 Rc7 31. Rd4 Nh5 32. Bd3 Ng3 33. Ka3 Kg7 34. Rh4 Rac8 35. Kxa4 Ra8+ 36. Kb5 Rxa2 37. f4 Nh5 38. Be2 Rb2 1/2-1/2

[Event "4NCL 2021-22"]
[Site "England"]
[Date "2022.02.13"]
[Round "4.54"]
[White "Webb, Laurence E"]
[Black "Stimpson, Philip M"]
[Result "1-0"]
[ECO "D10"]
[WhiteElo "2256"]
[BlackElo "1956"]
[Annotator "NA"]
[PlyCount "39"]
[EventDate "2021.11.27"]
[EventType "team-tourn"]
[EventCountry "ENG"]
[SourceTitle "playchess.com"]
[Source "ChessBase"]
[SourceQuality "1"]
[TimeControl "40/6000+30:3000+30"]

1. d4 d5 2. c4 c6 3. cxd5 cxd5 4. Bf4 Nc6 5. e3 Qb6 6. Qb3 Qxb3 7. axb3 e6 8. Nc3 Bb4 9. Bd3 Nf6 10. Nf3 O-O 11. h4 Nh5 12. Bh2 f5 13. Ne5 a5 14. Be2 Nf6 15. O-O Ne4 16. Nxe4 fxe4 17. Rac1 Nxe5 18. Bxe5 Rd8 19. Bg4 Bd7 20. Rc7 1-0

[Event "4NCL 2021-22"]
[Site "England"]
[Date "2022.02.13"]
[Round "4.55"]
[White "Shepley, Julien M"]
[Black "Ledger, Dave J"]
[Result "1/2-1/2"]
[ECO "C27"]
[WhiteElo "1865"]
[BlackElo "2148"]
[Annotator "NA"]
[PlyCount "75"]
[EventDate "2021.11.27"]
[EventType "team-tourn"]
[EventCountry "ENG"]
[SourceTitle "playchess.com"]
[Source "ChessBase"]
[SourceQuality "1"]
[TimeControl "40/6000+30:3000+30"]

1. e4 e5 2. Nc3 Nf6 3. Bc4 Nxe4 4. Qh5 Nd6 5. Qxe5+ Qe7 6. Qxe7+ Bxe7 7. Bb3 Nf5 8. Nf3 c6 9. O-O d5 10. d4 O-O 11. Re1 Bf6 12. Ne2 a5 13. a4 h6 14. c3 g5 15. Bc2 Re8 16. Bd2 Be6 17. Ng3 Ng7 18. Nf5 Nxf5 19. Bxf5 Nd7 20. Bc2 g4 21. Ne5 Nxe5 22. dxe5 Bg5 23. Rad1 Re7 24. f4 gxf3 25. gxf3 Bh4 26. Bxh6 Kh8 27. Re2 Bh3 28. Kh1 Re6 29. Be3 Rae8 30. Rd4 Bd8 31. f4 Bg4 32. Rf2 Bh4 33. Rf1 Rg8 34. Rd2 Bh3 35. Rf3 Bg4 36. Rf1 Bh3 37. Rf3 Bg4 38. Rf1 1/2-1/2

[Event "4NCL 2021-22"]
[Site "England"]
[Date "2022.02.13"]
[Round "4.56"]
[White "Varney, Zoe"]
[Black "Golding, William"]
[Result "1-0"]
[ECO "B01"]
[WhiteElo "2041"]
[BlackElo "1686"]
[Annotator "NA"]
[PlyCount "51"]
[EventDate "2021.11.27"]
[EventType "team-tourn"]
[EventCountry "ENG"]
[SourceTitle "playchess.com"]
[Source "ChessBase"]
[SourceQuality "1"]
[TimeControl "40/6000+30:3000+30"]

1. e4 d5 2. exd5 Qxd5 3. Nc3 Qa5 4. d4 c6 5. Bc4 Nf6 6. Bd2 Qc7 7. Nf3 Bg4 8. h3 Bh5 9. g4 Bg6 10. Ne5 e6 11. Qe2 Nbd7 12. f4 O-O-O 13. O-O-O Nxe5 14. dxe5 Nd5 15. Rhf1 h6 16. f5 Bh7 17. Bxd5 cxd5 18. Nb5 Qd7 19. Nxa7+ Kb8 20. Nb5 exf5 21. e6 fxe6 22. Bf4+ Ka8 23. Rd4 b6 24. Ra4+ Kb7 25. Ra7+ Kc6 26. Nd4+ 1-0

[Event "4NCL 2021-22"]
[Site "England"]
[Date "2022.02.13"]
[Round "4.57"]
[White "Harakis, Alexis M"]
[Black "Tanmay Chopra"]
[Result "1-0"]
[ECO "D35"]
[WhiteElo "2264"]
[BlackElo "2313"]
[Annotator "NA"]
[PlyCount "55"]
[EventDate "2021.11.27"]
[EventType "team-tourn"]
[EventCountry "ENG"]
[SourceTitle "playchess.com"]
[Source "ChessBase"]
[SourceQuality "1"]
[TimeControl "40/6000+30:3000+30"]

1. d4 d5 2. c4 e6 3. Nc3 Nf6 4. cxd5 exd5 5. Bg5 Be7 6. e3 c6 7. Bd3 h6 8. Bf4 O-O 9. Nf3 Nbd7 10. h3 c5 11. O-O Re8 12. Nb5 Nf8 13. Nc7 Bd7 14. Nxa8 Qxa8 15. dxc5 Bxc5 16. Rc1 Ne6 17. Be5 Qd8 18. Nd4 Bxd4 19. exd4 Ng5 20. Re1 Bc6 21. Bxf6 Rxe1+ 22. Qxe1 Qxf6 23. Qe5 Qd8 24. b4 Ne6 25. b5 Be8 26. a4 Kf8 27. Bf5 Ng5 28. Rc8 1-0

[Event "4NCL 2021-22"]
[Site "England"]
[Date "2022.02.13"]
[Round "4.58"]
[White "Bisby, Daniel L"]
[Black "Merriman, John"]
[Result "0-1"]
[ECO "C02"]
[WhiteElo "2296"]
[BlackElo "2261"]
[Annotator "ChessBase"]
[PlyCount "58"]
[EventDate "2021.11.27"]
[EventType "team-tourn"]
[EventCountry "ENG"]
[SourceTitle "playchess.com"]
[Source "ChessBase"]
[SourceQuality "1"]
[TimeControl "40/6000+30:3000+30"]

1. e4 e6 2. d4 d5 3. e5 c5 4. c3 Nc6 5. Nf3 Qb6 6. Bd3 cxd4 7. O-O Bd7 8. Re1 Rc8 9. a3 a6 10. b4 dxc3 11. Nxc3 Nd4 12. Bb2 Nxf3+ 13. Qxf3 Ne7 14. h4 g6 15. Qf6 Rg8 16. Rad1 Bg7 17. Qf4 Nf5 18. Bxf5 gxf5 19. Re3 Rc4 20. Qg5 Rg4 21. Qh5 Bf8 22. g3 R8g6 23. Nxd5 exd5 24. e6 Bxe6 25. Rde1 f4 26. Qe5 fxe3 27. Qb8+ Qd8 28. Qxb7 exf2+ 29. Kxf2 Bd6 0-1

[Event "4NCL 2021-22"]
[Site "England"]
[Date "2022.02.13"]
[Round "4.59"]
[White "Ratnesan, Ranesh"]
[Black "Hill, Alistair"]
[Result "1-0"]
[ECO "E32"]
[WhiteElo "2258"]
[BlackElo "2236"]
[Annotator "ChessBase"]
[PlyCount "69"]
[EventDate "2021.11.27"]
[EventType "team-tourn"]
[EventCountry "ENG"]
[SourceTitle "playchess.com"]
[Source "ChessBase"]
[SourceQuality "1"]
[TimeControl "40/6000+30:3000+30"]

1. d4 e6 2. c4 Nf6 3. Nc3 Bb4 4. Qc2 d6 5. a3 Bxc3+ 6. Qxc3 O-O 7. Bg5 c5 8. Nf3 h6 9. Bh4 b6 10. Rd1 Qe7 11. e3 Bb7 12. Be2 Nbd7 13. O-O e5 14. Qc2 Rfe8 15. d5 Nf8 16. Nd2 Ng6 17. Bxf6 Qxf6 18. Ne4 Qd8 19. f4 exf4 20. exf4 Qe7 21. Bd3 Qf8 22. Ng3 b5 23. cxb5 Nh4 24. Be4 g6 25. f5 Qg7 26. Qf2 Re5 27. Qf4 g5 28. Qg4 Rae8 29. f6 Qh8 30. Qd7 Bc8 31. Qxd6 Bg4 32. Rde1 Nf5 33. Bxf5 Rxe1 34. Bxg4 h5 35. Bd7 1-0

[Event "4NCL 2021-22"]
[Site "England"]
[Date "2022.02.13"]
[Round "4.60"]
[White "McClement, Andrew"]
[Black "Skettos, Nicolas"]
[Result "1-0"]
[ECO "D27"]
[WhiteElo "2221"]
[BlackElo "1940"]
[Annotator "NA"]
[PlyCount "53"]
[EventDate "2021.11.27"]
[EventType "team-tourn"]
[EventCountry "ENG"]
[SourceTitle "playchess.com"]
[Source "ChessBase"]
[SourceQuality "1"]
[TimeControl "40/6000+30:3000+30"]

1. Nf3 d5 2. c4 dxc4 3. e3 Nf6 4. Bxc4 e6 5. O-O a6 6. a4 c5 7. d4 Nc6 8. Nc3 cxd4 9. exd4 Nb4 10. Bg5 Be7 11. Qe2 O-O 12. Rfd1 Re8 13. Ne5 Nfd5 14. Bxe7 Rxe7 15. Ne4 h6 16. Ra3 Rc7 17. Rg3 Nf6 18. Nxf6+ Qxf6 19. Qh5 Kh7 20. Rf3 Qg5 21. Qxg5 hxg5 22. Rxf7 Rxf7 23. Nxf7 Kg6 24. Nd6 Nd5 25. Re1 Kf6 26. Bxd5 exd5 27. Re8 1-0

[Event "4NCL 2021-22"]
[Site "England"]
[Date "2022.02.13"]
[Round "4.61"]
[White "Bansal, Rohan"]
[Black "Robertson, J Stuart"]
[Result "1-0"]
[ECO "D20"]
[WhiteElo "1971"]
[BlackElo "2174"]
[Annotator "ChessBase"]
[PlyCount "109"]
[EventDate "2021.11.27"]
[EventType "team-tourn"]
[EventCountry "ENG"]
[SourceTitle "playchess.com"]
[Source "ChessBase"]
[SourceQuality "1"]
[TimeControl "40/6000+30:3000+30"]

1. d4 d5 2. c4 dxc4 3. e4 Nf6 4. Nc3 e5 5. Nf3 exd4 6. Qxd4 Qxd4 7. Nxd4 a6 8. Bxc4 b5 9. Bb3 c5 10. Nf3 c4 11. Bc2 Bc5 12. e5 Nfd7 13. O-O O-O 14. Ne4 Bb7 15. Rd1 Bb6 16. Bf4 h6 17. Nd6 Bc6 18. a4 Ra7 19. Nd4 Bxd4 20. Rxd4 Rc7 21. Nf5 Rb7 22. Nd6 Rc7 23. Nf5 Rb7 24. Ne7+ Kh8 25. e6 Nc5 26. Bxb8 Nxe6 27. Rdd1 Rxe7 28. Bd6 Ree8 29. Bxf8 Rxf8 30. Rd6 Rc8 31. axb5 Bxb5 32. Bf5 c3 33. bxc3 Rxc3 34. Bxe6 fxe6 35. Rxe6 Rc7 36. h4 Kh7 37. Kh2 Rf7 38. f3 Ra7 39. Rb6 Re7 40. Rc1 Rf7 41. Rc8 h5 42. Rc5 g6 43. Rc8 Rd7 44. Rcb8 Kg7 45. R8b7 Rxb7 46. Rxb7+ Kf6 47. g4 hxg4 48. fxg4 Ke5 49. Kg3 Bd3 50. Ra7 Kd6 51. Kf4 Kc5 52. Ke3 Bb5 53. h5 gxh5 54. gxh5 Kb6 55. Re7 1-0

[Event "4NCL 2021-22"]
[Site "England"]
[Date "2022.02.13"]
[Round "4.62"]
[White "Stewart, Ashley"]
[Black "Merriman, James"]
[Result "1/2-1/2"]
[ECO "A36"]
[WhiteElo "2062"]
[BlackElo "1861"]
[Annotator "NA"]
[PlyCount "202"]
[EventDate "2021.11.27"]
[EventType "team-tourn"]
[EventCountry "ENG"]
[SourceTitle "playchess.com"]
[Source "ChessBase"]
[SourceQuality "1"]
[TimeControl "40/6000+30:3000+30"]

1. g3 g6 2. Bg2 Bg7 3. c4 c5 4. Nc3 Nc6 5. a3 e6 6. Rb1 Nge7 {[%emt 0:04:27] 6...Nge7 is better than 6...a5.} 7. b4 O-O 8. Nf3 cxb4 9. axb4 d5 10. cxd5 exd5 11. b5 {[%emt 0:08:44] [#]} Ne5 $146 ({Predecessor:} 11... Na5 12. Ba3 d4 13. Ne4 Nc4 14. Bb4 Re8 15. Qb3 Be6 16. Nfg5 Bd5 17. Nd6 Bxg2 18. Ngxf7 {0-1 (30) Lie,K (2537)-So,W (2822) Chess.com INT 2017}) 12. Nxe5 Bxe5 13. d4 Bf6 14. e3 Bf5 15. Ra1 Qd7 16. Ba3 Be6 17. Qb3 Rfd8 18. O-O Nc8 19. Na4 Be7 20. Rfc1 b6 21. Nc3 Bxa3 22. Rxa3 Ne7 23. Ne2 Rdc8 24. Rca1 Rc7 25. Nf4 Rac8 26. h4 Kg7 27. Bf1 Nf5 28. Ra6 Rb7 29. Nd3 Ne7 30. Qa3 Rcc7 31. Kh2 f6 32. Nf4 Kf7 33. Qb3 Qd6 (33... g5 $142 34. hxg5 (34. Nxe6 Qxe6 35. Qd1 g4 $16) 34... fxg5) 34. Bg2 Rd7 35. Rc1 h6 36. Raa1 g5 37. hxg5 hxg5 38. Nxe6 Qxe6 39. Rc3 Rbc7 40. Rac1 Rxc3 41. Rxc3 f5 42. Qa2 Kg7 43. Ra3 Nc8 44. Qc2 Ne7 45. Rc3 Qd6 46. Bh3 g4 47. Bg2 Rd8 48. Rc7 ({White should try} 48. Bf1 $16) 48... Rd7 $11 49. Rc3 Rd8 50. Qa2 Rd7 51. Kg1 Kh7 52. Kf1 Qb4 53. Qb3 Qxb3 54. Rxb3 Rc7 55. Rb1 Kg6 56. Ke1 Kf6 57. Kd2 Ke6 58. Ra1 Nc8 59. Rh1 Ne7 60. Rh6+ Kd7 61. Bf1 Rc8 62. Rf6 Rh8 63. Bd3 Rh5 64. Ke2 Rg5 65. Kf1 Rh5 66. Kg2 Rg5 67. Bc2 Rh5 68. Bb1 Rg5 69. f3 Rh5 70. fxg4 fxg4 71. Bd3 Rg5 72. Rf4 Ke8 73. Kf2 Nc8 74. Rf6 Ke7 75. Rc6 Kd7 76. Rh6 Ne7 77. Ke2 Rg7 78. Rf6 Rg5 79. Kd2 Rg7 80. Rf4 Nc8 81. Be2 Nd6 82. Rxg4 Ne4+ 83. Kc2 Rxg4 84. Bxg4+ Kd6 85. Bf5 Nxg3 86. Bg6 Ke6 87. Kd2 Kf6 88. Bc2 Ke6 89. Bh7 Nh5 90. Ke2 Nf6 91. Bd3 Ne8 92. Kf3 Nd6 93. Kf4 Kf6 94. Bf1 Ne4 95. Bh3 Nc3 96. Bf1 Ne4 97. Be2 Nc3 98. Bd3 Na2 99. Kf3 Nb4 100. Bf1 Na2 101. Kf2 Nc1 1/2-1/2

[Event "4NCL 2021-22"]
[Site "England"]
[Date "2022.02.13"]
[Round "4.63"]
[White "Metcalfe, Charlie P"]
[Black "Starley, Robert"]
[Result "0-1"]
[ECO "D37"]
[WhiteElo "1792"]
[BlackElo "2053"]
[Annotator "ChessBase"]
[PlyCount "80"]
[EventDate "2021.11.27"]
[EventType "team-tourn"]
[EventCountry "ENG"]
[SourceTitle "playchess.com"]
[Source "ChessBase"]
[SourceQuality "1"]
[TimeControl "40/6000+30:3000+30"]

1. d4 e6 2. c4 Nf6 3. Nf3 d5 4. Nc3 Be7 5. Bf4 O-O 6. e3 a6 7. c5 Nc6 8. a3 Bd7 9. h3 b6 10. b4 Qc8 11. Bd3 bxc5 12. bxc5 Rb8 13. Rb1 Rxb1 14. Qxb1 Qb8 15. Bxa6 Ne4 16. Nb5 Bd8 17. Qd3 Qa8 18. Nxc7 Qa7 19. Nxd5 exd5 20. O-O Bc7 21. Rb1 Rb8 22. Rxb8+ Nxb8 23. Bxc7 Qxc7 24. Ne5 Qa5 25. Bb7 Be6 26. Qb1 Qc7 27. Qb5 Kf8 28. a4 f6 29. Nd3 Bd7 30. Qb3 Bxa4 31. Qxd5 Nc3 32. Qf3 Bd1 33. Qf5 Ne2+ 34. Kh1 Qxb7 35. Ne5 Bb3 36. c6 Nxc6 37. Nd7+ Ke7 38. Nc5 Qb4 39. Qd7+ Kf8 40. Qxc6 Qe1+ 0-1

[Event "4NCL 2021-22"]
[Site "England"]
[Date "2022.02.13"]
[Round "4.64"]
[White "Manmay Chopra"]
[Black "Jakhria, Kushal"]
[Result "1-0"]
[ECO "A05"]
[WhiteElo "1951"]
[BlackElo "1328"]
[Annotator "NA"]
[PlyCount "99"]
[EventDate "2021.11.27"]
[EventType "team-tourn"]
[EventCountry "ENG"]
[SourceTitle "playchess.com"]
[Source "ChessBase"]
[SourceQuality "1"]
[TimeControl "40/6000+30:3000+30"]

1. e4 c5 2. Nf3 Nc6 3. d3 g6 4. g3 Bg7 5. Bg2 d6 6. O-O Nf6 7. Re1 O-O 8. Nbd2 Bd7 9. c3 Ne8 10. Nf1 e5 11. Ne3 Ne7 12. h4 Kh8 13. h5 f5 14. hxg6 fxe4 15. Ng5 Nxg6 16. Nxh7 Kxh7 17. Qh5+ Kg8 18. Qxg6 Bc6 19. dxe4 Nf6 20. Nf5 Qc7 21. Bh6 Ne8 22. Rad1 Rd8 23. Bf1 b5 24. a4 a6 25. Bh3 Qf7 26. Qg5 Qf6 27. Qxf6 Bxf6 28. Bxf8 Kxf8 29. a5 Be7 30. Bg2 Nf6 31. f4 Rb8 32. b4 cxb4 33. cxb4 exf4 34. gxf4 Rd8 35. Nxe7 Kxe7 36. e5 Rg8 37. exf6+ Kf8 38. Rd2 Kf7 39. Kf1 Bxg2+ 40. Rxg2 Rc8 41. Re4 Kxf6 42. Rd2 Rc6 43. Ke2 Kf5 44. Red4 Ke6 45. f5+ Kxf5 46. Rxd6 Rc4 47. R2d4 Rc2+ 48. Kf3 Rc3+ 49. Rd3 Rc4 50. R3d5# 1-0

[Event "4NCL 2021-22"]
[Site "England"]
[Date "2022.02.13"]
[Round "4.66"]
[White "Payne, Matthew J"]
[Black "Barry, Colm"]
[Result "0-1"]
[ECO "B01"]
[WhiteElo "2158"]
[BlackElo "2241"]
[Annotator "ChessBase"]
[PlyCount "80"]
[EventDate "2021.11.27"]
[EventType "team-tourn"]
[EventCountry "ENG"]
[SourceTitle "playchess.com"]
[Source "ChessBase"]
[SourceQuality "1"]
[TimeControl "40/6000+30:3000+30"]

1. e4 d5 2. exd5 Qxd5 3. Nf3 Nf6 4. Be2 e6 5. d4 Be7 6. c4 Qd8 7. Nc3 O-O 8. Bf4 c5 9. d5 exd5 10. cxd5 Bd6 11. Bxd6 Qxd6 12. Nd2 Rd8 13. Nc4 Qf4 14. O-O Bg4 15. Ne3 Bxe2 16. Qxe2 Nbd7 17. Qc4 Qxc4 18. Nxc4 Nb6 19. Nxb6 axb6 20. Rad1 b5 21. Rfe1 b4 22. Ne4 Nxe4 23. Rxe4 Kf8 24. d6 Rd7 25. g4 Rxa2 26. Rc1 b6 27. Rxb4 Rxd6 28. Rb5 Rg6 29. Kf1 Ke7 30. Rd1 Rxg4 31. Rxb6 Rb4 32. Rc6 Rbxb2 33. Rc7+ Ke6 34. Rc6+ Ke7 35. Rc7+ Kf6 36. Rc6+ Kg5 37. Rxc5+ f5 38. h4+ Kg4 39. Rd4+ Kh3 40. Rc3+ Kh2 0-1

[Event "4NCL 2021-22"]
[Site "England"]
[Date "2022.02.13"]
[Round "4.68"]
[White "Brewer, Callum D"]
[Black "Arnott, Jonathan W"]
[Result "1/2-1/2"]
[ECO "C06"]
[WhiteElo "2147"]
[BlackElo "2121"]
[Annotator "NA"]
[PlyCount "42"]
[EventDate "2021.11.27"]
[EventType "team-tourn"]
[EventCountry "ENG"]
[SourceTitle "playchess.com"]
[Source "ChessBase"]
[SourceQuality "1"]
[TimeControl "40/6000+30:3000+30"]

1. e4 e6 2. d4 d5 3. Nd2 Nf6 4. e5 Nfd7 5. Bd3 c5 6. c3 Nc6 7. Ne2 cxd4 8. cxd4 f6 9. exf6 Nxf6 10. O-O Bd6 11. Nf3 O-O 12. h3 Bd7 13. Re1 e5 14. dxe5 Nxe5 15. Nxe5 Bxe5 16. Be3 Bxb2 17. Rb1 Be5 18. Rxb7 Qa5 19. Bd2 Qc5 20. Be3 Qa5 21. Bd2 Qc5 1/2-1/2

[Event "4NCL 2021-22"]
[Site "England"]
[Date "2022.02.13"]
[Round "4.69"]
[White "Heritage, Jamie"]
[Black "Grant, David J"]
[Result "0-1"]
[ECO "B59"]
[WhiteElo "2114"]
[BlackElo "2080"]
[Annotator "NA"]
[PlyCount "86"]
[EventDate "2021.11.27"]
[EventType "team-tourn"]
[EventCountry "ENG"]
[SourceTitle "playchess.com"]
[Source "ChessBase"]
[SourceQuality "1"]
[TimeControl "40/6000+30:3000+30"]

1. e4 c5 2. Nf3 d6 3. d4 cxd4 4. Nxd4 Nf6 5. Nc3 Nc6 6. Be2 e5 7. Nb3 Be7 8. Be3 Be6 9. Qd2 O-O 10. O-O-O a5 11. Bb5 a4 12. Bxa4 Nxe4 13. Nxe4 Rxa4 14. Nc3 Ra6 15. Kb1 Qa8 16. a3 Rc8 17. Nd5 Bd8 18. h4 b5 19. f3 b4 20. Nxb4 Nxb4 21. Qxb4 Bf5 22. Rd2 Rb8 23. Qc4 Ra4 24. Qd5 Qxd5 25. Rxd5 Rxb3 26. g4 Rxe3 27. gxf5 Bc7 28. Rd3 Rxd3 29. cxd3 Kf8 30. Rc1 Bd8 31. Rc4 Rxc4 32. dxc4 Bxh4 33. a4 Ke8 34. b4 Be1 35. b5 Kd7 36. Kc2 Kc7 37. Kd3 Kb6 38. Ke4 Kc5 39. f6 gxf6 40. Kf5 h5 41. f4 exf4 42. Kxf4 Ba5 43. Kf5 Kxc4 0-1

[Event "4NCL 2021-22"]
[Site "England"]
[Date "2022.02.13"]
[Round "4.70"]
[White "Kolani, Arjun"]
[Black "Walton, Alan J"]
[Result "1-0"]
[ECO "C11"]
[WhiteElo "2035"]
[BlackElo "2116"]
[Annotator "ChessBase"]
[PlyCount "90"]
[EventDate "2021.11.27"]
[EventType "team-tourn"]
[EventCountry "ENG"]
[SourceTitle "playchess.com"]
[Source "ChessBase"]
[SourceQuality "1"]
[TimeControl "40/6000+30:3000+30"]

1. e4 e6 2. d4 d5 3. Nc3 Nf6 4. e5 Nfd7 5. Nce2 c5 6. c3 Nc6 7. Nf3 Be7 8. a3 b6 9. Nf4 Qc7 10. Bd3 Bb7 11. h4 h6 12. h5 O-O-O 13. O-O Rdg8 14. Re1 Nf8 15. a4 g5 16. hxg6 fxg6 17. a5 c4 18. axb6 axb6 19. Bc2 h5 20. Nh3 Nh7 21. Nfg5 Bxg5 22. Bxg5 Nxg5 23. Nxg5 Qe7 24. f4 Nd8 25. Qf3 Kb8 26. b3 cxb3 27. Bxb3 Nf7 28. Qh3 Nxg5 29. fxg5 Rf8 30. Bc2 Rf4 31. Rf1 Rhf8 32. Rxf4 Rxf4 33. Bxg6 Qxg5 34. Qxe6 Rg4 35. Bf5 Qe3+ 36. Kh1 Rh4+ 37. Bh3 Qxc3 38. Qd6+ Qc7 39. Qf6 Rxh3+ 40. gxh3 Qc3 41. Qd8+ Bc8 42. Qxb6+ Bb7 43. Qd8+ Bc8 44. Qd6+ Kb7 45. Rb1+ Ka8 1-0

[Event "4NCL 2021-22"]
[Site "England"]
[Date "2022.02.13"]
[Round "4.71"]
[White "Gayson, Peter M"]
[Black "Willson, Ollie"]
[Result "1/2-1/2"]
[ECO "C24"]
[WhiteElo "2127"]
[BlackElo "2108"]
[Annotator "NA"]
[PlyCount "185"]
[EventDate "2021.11.27"]
[EventType "team-tourn"]
[EventCountry "ENG"]
[SourceTitle "playchess.com"]
[Source "ChessBase"]
[SourceQuality "1"]
[TimeControl "40/6000+30:3000+30"]

1. e4 e5 2. Bc4 Nf6 3. d4 exd4 4. Nf3 Bb4+ 5. c3 dxc3 6. O-O O-O 7. e5 d5 8. exf6 dxc4 9. fxg7 Re8 10. Qa4 Nc6 11. bxc3 Qf6 12. Bg5 Qxg7 13. Nbd2 Bxc3 14. Rab1 Bd7 15. Qxc4 Ne5 16. Qxc3 Nxf3+ 17. Qxf3 Qxg5 18. Qxb7 Qxd2 19. Rbd1 Qxa2 20. Rxd7 Qe2 21. Qxc7 Rac8 22. Qg3+ Kf8 23. Qf4 Qe6 24. Rxa7 Rc4 25. Qf3 Re4 26. Qa3+ Kg8 27. Ra8 Re1 28. Qg3+ Kf8 29. Rxe8+ Qxe8 30. Qd6+ Kg8 31. Qg3+ Kf8 32. Qa3+ Qe7 33. Qb2 Rxf1+ 34. Kxf1 Qe4 35. Qb8+ Kg7 36. Qb2+ Kf8 37. Qa3+ Kg7 38. Qg3+ Kf8 39. Qe3 Qc4+ 40. Ke1 Qb4+ 41. Ke2 Qg4+ 42. Qf3 Qe6+ 43. Kf1 Qc4+ 44. Qe2 Qc1+ 45. Qe1 Qc4+ 46. Kg1 Qd4 47. g3 Qd5 48. Qb4+ Kg7 49. Qg4+ Kf8 50. h4 Qc6 51. Qf4 Kg7 52. Kh2 f6 53. Qg4+ Kf7 54. Qf5 Kg7 55. h5 Qd6 56. Kh3 Qc6 57. f3 Qd6 58. Kh4 Qd2 59. Qg4+ Kf7 60. Qc4+ Kg7 61. Qg4+ Kf7 62. Qf5 Kg7 63. Qc5 Qd8 64. g4 Qe8 65. Qc7+ Kg8 66. Kh3 Qe2 67. Qc8+ Kg7 68. Qb7+ Kh6 69. Qe4 Qf1+ 70. Kg3 Qg1+ 71. Kf4 Qc5 72. Qe3 Qd6+ 73. Kf5+ Kg7 74. h6+ Kf8 75. Qf4 Qb6 76. Qc4 Ke7 77. Qe4+ Kf7 78. Qd5+ Ke7 79. f4 Qa6 80. Qc5+ Ke8 81. g5 Qd3+ 82. Kg4 Qd1+ 83. Kg3 Qd3+ 84. Kf2 Qd2+ 85. Kf3 Qd3+ 86. Qe3+ Qxe3+ 87. Kxe3 fxg5 88. fxg5 Kf7 89. Kf4 Kg8 90. Kf5 Kf7 91. Ke5 Kg8 92. Kf6 Kh8 93. Kf7 1/2-1/2

[Event "4NCL 2021-22"]
[Site "England"]
[Date "2022.02.13"]
[Round "4.72"]
[White "Blake, J Morgan"]
[Black "Burnett, Jim"]
[Result "1/2-1/2"]
[ECO "C07"]
[WhiteElo "2122"]
[BlackElo "2055"]
[Annotator "NA"]
[PlyCount "37"]
[EventDate "2021.11.27"]
[EventType "team-tourn"]
[EventCountry "ENG"]
[SourceTitle "playchess.com"]
[Source "ChessBase"]
[SourceQuality "1"]
[TimeControl "40/6000+30:3000+30"]

1. e4 e6 2. d4 d5 3. Nd2 c5 4. exd5 Qxd5 5. Ngf3 cxd4 6. Bc4 Qd6 7. O-O Nf6 8. Nb3 Nc6 9. Nbxd4 Nxd4 10. Nxd4 a6 11. Re1 Be7 12. Bb3 O-O 13. Nf3 Qxd1 14. Rxd1 Rd8 15. Be3 Rxd1+ 16. Rxd1 Bd7 17. Ne5 Be8 18. Bb6 Ne4 19. c3 1/2-1/2

[Event "4NCL 2021-22"]
[Site "England"]
[Date "2022.02.13"]
[Round "4.73"]
[White "Taylor, Adam A"]
[Black "Gallana, Marco"]
[Result "1-0"]
[ECO "D79"]
[WhiteElo "2277"]
[BlackElo "2277"]
[Annotator "ChessBase"]
[PlyCount "79"]
[EventDate "2021.11.27"]
[EventType "team-tourn"]
[EventCountry "ENG"]
[SourceTitle "playchess.com"]
[Source "ChessBase"]
[SourceQuality "1"]
[TimeControl "40/6000+30:3000+30"]

1. Nf3 Nf6 2. g3 g6 3. Bg2 Bg7 4. O-O d5 5. d4 O-O 6. c4 c6 7. cxd5 cxd5 8. Nc3 e6 9. Bf4 Bd7 10. Qd3 Qe7 11. Rfc1 Rd8 12. a3 Be8 13. b4 Nc6 14. Ne5 Nxe5 15. Bxe5 Bh6 16. Bxf6 Qxf6 17. e3 Bf8 18. Rc2 a6 19. Rac1 a5 20. b5 a4 21. Bf1 Qg7 22. Na2 Bd6 23. Nb4 Qf8 24. Qd2 Bd7 25. Kg2 Qe8 26. b6 Bb5 27. Bd3 Bxd3 28. Qxd3 Ra5 29. Rb2 Kg7 30. Qc3 Rb5 31. Nd3 Rxb2 32. Qxb2 Rc8 33. Nc5 Qe7 34. Qb5 Rc6 35. Rc3 e5 36. Nxa4 exd4 37. Rxc6 bxc6 38. Qxc6 dxe3 39. Qc3+ Kf8 40. Qh8# 1-0